 Dungeon Crawl Stone Soup version 0.29.1-2-gbd0b4ee654 (webtiles) character file.

Game seed: 16084855522855265813

175 Raikaria the Shooter (level 5, -6/32 HPs)
             Began as a Tengu Hunter on Nov 7, 2022.
             Mangled by a bullfrog (8 damage)
             ... in a sewer.
             The game lasted 00:08:58 (2095 turns).

Raikaria the Shooter (Tengu Hunter)                 Turns: 2095, Time: 00:08:59

Health: -6/32      AC:  4    Str: 11    XL:     5   Next: 55%
Magic:  8/8        EV: 16    Int: 11    God:
Gold:   121        SH:  0    Dex: 18    Spells: 4/7 levels left

rFire   + . .      SeeInvis .   a - +0 shortbow
rCold   . . .      Faith    .   (shield currently unavailable)
rNeg    . . .      Spirit   .   c - +0 leather armour
rPois   .          Reflect  .   (helmet restricted)
rElec   .          Harm     .   f - +0 cloak
rCorr   .          Rampage  .   (no gloves)
Will    .....                   (boots unavailable)
Stlth   ++........              (no amulet)
HPRegen 0.10/turn               m - ring of protection from fire
MPRegen 0.11/turn               (no ring)

@: flying quickly and evasively, quick
A: beak, talons 3, nimble flight
a: no special abilities


You were in a sewer.
You visited 1 branch of the dungeon, and saw 3 of its levels.
You also visited: Sewer.

You collected 121 gold pieces.

Inventory:

Hand Weapons
 a - a +0 shortbow (weapon)
Armour
 c - a +0 leather armour (worn)
 f - a +0 cloak (worn)
Jewellery
 m - a ring of protection from fire (left hand)
Scrolls
 b - a scroll of immolation
 d - 4 scrolls of identify {unknown}
 e - a scroll of enchant armour {unknown}
 g - a scroll of silence {unknown}
 h - a scroll of brand weapon {unknown}
 n - a scroll of teleportation {unknown}
 o - 3 scrolls of enchant weapon {unknown}
Potions
 i - 3 potions of curing {unknown}
 j - a potion of resistance {unknown}
 k - a potion of mutation {unknown}
 l - 2 potions of attraction {unknown}
 p - a potion of degeneration {unknown}


   Skills:
 + Level 2.9 Fighting
 + Level 5.5 Ranged Weapons
 + Level 3.9 Dodging
 - Level 1.0 Stealth
 + Level 1.6 Spellcasting


You had 4 spell levels left.
You knew the following spells:

 Your Spells              Type           Power      Damage    Failure   Level
a - Frozen Ramparts       Ice            0%         1d1       77%         3

Your spell library contained the following spells:

 Spells                   Type           Power      Damage    Failure   Level
 Freeze                   Ice            0%         1d3       38%         1
 Sublimation of Blood     Necr           0%         N/A       52%         2
 Wereblood                Tmut           0%         N/A       52%         2
 Hailstorm                Conj/Ice       0%         3d3       99%         4
 Summon Hydra             Summ           0%         N/A       100%        7


Dungeon Overview and Level Annotations

Branches:
Dungeon (3/15)              Sewer (1/1)

Altars:


Innate Abilities, Weirdness & Mutations

You have a beak for a mouth.
You have claws for feet.
Your magical nature lets you fly swiftly and evasively.


Message History

Okay, then.
You shoot an arrow. The arrow hits the ball python!
You kill the ball python!
You shoot an arrow.
The arrow completely misses the bullfrog.
The bullfrog hits you but does no damage.
You shoot an arrow. The ball python hisses angrily.
The arrow hits the bullfrog.
The bullfrog is moderately wounded.
The bullfrog barely misses you. The bullfrog hits you.
You shoot an arrow. The arrow hits the bullfrog.
The bullfrog is heavily wounded.
The bullfrog barely misses you. The bullfrog closely misses you.
You shoot an arrow. The bullfrog croaks.
The arrow hits the bullfrog.
The bullfrog is severely wounded.
The ball python misses you. The ball python barely misses you.
The bullfrog hits you but does no damage.
The ball python barely misses you. The ball python grabs you.
The ball python constricts you.
You shoot an arrow.
The arrow closely misses the ball python.
The bullfrog hits you. The bullfrog barely misses you.
The ball python closely misses you. The ball python constricts you.
The bullfrog hits you. The bullfrog hits you!
You shoot an arrow. The arrow hits the ball python.
You kill the ball python!
The bullfrog hits you. The bullfrog barely misses you. The bullfrog hits you.
* * * LOW HITPOINT WARNING * * *
The bullfrog releases a deep croak.
The bullfrog closely misses you. The bullfrog misses you.
The bullfrog barely misses you. The bullfrog closely misses you.
The bullfrog attacks as you move away! The bullfrog hits you.
* * * LOW HITPOINT WARNING * * *
The bullfrog closely misses you. The bullfrog attacks as you move away!
The bullfrog closely misses you. The bullfrog hits you!
You die...

####################
###..≈≈≈≈≈~≈~≈≈~≈≈≈~..
##...~~≈≈≈≈≈~..~#≈≈≈~~.
#....~~~~~~~≈~~#~~~~~~.
#....~~~~~≈~~≈≈≈≈~~~≈~†
##....~~≈~~~≈≈≈≈≈~~≈~≈~.
#.....#~≈≈≈@FF≈≈≈≈≈≈≈~..
#....###################
##...#### #....#..#
#....÷..# #..÷##### ##..÷##
#....####################
#......~≈≈~~≈≈#≈≈≈≈~≈≈..###


You could see 2 bullfrogs.

Vanquished Creatures
  8 adders
  4 river rats (Sewer)
  2 endoplasms (D:1)
  2 giant cockroaches (D:1)
  3 goblins
  2 hobgoblins (D:1)
  A kobold (D:2)
  5 quokkas (D:1)
  12 ball pythons
  4 bats
  3 frilled lizards
  35 rats
81 creatures vanquished.

Notes
Turn   | Place    | Note
-------+----------+-------------------------------------------
     0 | D:1      | Raikaria the Tengu Hunter began the quest for the Orb.
     0 | D:1      | Reached XP level 1. HP: 12/12 MP: 2/2
   101 | D:1      | Reached XP level 2. HP: 17/17 MP: 3/3
   341 | D:1      | Reached XP level 3. HP: 21/21 MP: 4/4
   820 | D:2      | Reached skill level 5 in Ranged Weapons
   827 | D:2      | Found a faded altar of an unknown god.
   897 | D:3      | Found a glowing drain.
   914 | D:3      | HP: 1/21 [poisoned by an adder]
  1151 | Sewer    | Entered a sewer
  1245 | Sewer    | Reached XP level 4. HP: 19/26 MP: 5/5
  1377 | Sewer    | Learned a level 3 spell: Frozen Ramparts
  1435 | Sewer    | Reached skill level 1 in Spellcasting
  1735 | Sewer    | Gained mutation: Your magical nature lets you fly swiftly
                  | and evasively. [Tengu growth]
  1735 | Sewer    | Reached XP level 5. HP: 30/31 MP: 7/7
  2095 | Sewer    | Mangled by a bullfrog

Illustrated notes

Levels and vault maps discovered:
D:1:      zaba_arrival_water, layout_basic, moated_statue
D:2:      layout_loops_ring, ebering_ecumenical_altar_sacrificial, basic_altar,
          wander_ebering_terrifying_dragon_lair
D:3:      layout_rooms, tgw_kikubaaqudgha,
          chequers_temple_overflow_statue_of_worship,
          cheibrodos_sewer_entry_drain
Sewer:    sewer_minmay_w

Skill      XL: |  1  2  3  4 |
---------------+-------------+-----
Dodging        | 3 |  3.9
Ranged Weapons | 5 |  5.5
Spellcasting   | 1 |  1.6
Fighting       | |  2.9
Stealth        | |  1.0

Action                   |  1- 3 |  4- 6 || total
-------------------------+-------+-------++-------
 Fire: Shortbow          |    95 |   125 ||   220
Armor: Leather armour    |    16 |    19 ||    35
Dodge: Dodged            |    40 |   101 ||   141
